Map: Acid Plant LE

Players

wingsofmint - Winner!

  • Race: Zerg Zerg
  • League: Platinum
  • Spawn Location: 11:00

Infamous

  • Race: Protoss Protoss
  • League: Gold
  • Spawn Location: 5:00

VOD

Have the link to the VOD?

Description

Time

  • Played on: April 19, 2018, 9:28 a.m.
  • Length: 10:41
Show
View Real Time Build Order
Export as new Build Order

wingsofmint Zerg - Winner!

Build Orders: Hatch First 

Get SALT Encoding   

  12  0:00  Drone  
  13  0:12  Overlord  
  13  0:18  Drone  
  14  0:30  Drone x2  
  14  0:34  Drone  
  17  0:53  Hatchery  
  17  0:56  Drone  
  17  1:13  Spawning Pool  
  17  1:14  Drone  
  17  1:24  Drone x2, Extractor  
  18  1:27  Drone  
  19  1:39  Drone  
  20  2:04  Queen  
  20  2:05  Queen  
  20  2:06  Drone  
  20  2:07  Drone x2  
  27  2:12  Drone  
  28  2:29  Overlord  
  28  2:47  Queen x2  
  32  2:53  Drone  
  32  2:54  Zergling x2  
  32  2:55  Zergling x4  
  36  3:04  Metabolic Boost  
  36  3:22  Overlord x2  
  36  3:23  Pneumatized Carapace  
  36  3:41  Extractor, Hatchery  
  35  3:43  Roach Warren  
  35  3:44  Drone  
  35  3:45  Drone  
  35  3:46  Baneling Nest  
  33  4:01  Drone  
  33  4:02  Drone x6  
  40  4:03  Drone x3  
  43  4:12  Lair  
  43  4:15  Zergling x2  
  44  4:24  Spore Crawler  
  43  4:32  Drone  
  43  4:33  Overlord  
  43  4:35  Drone  
  45  4:42  Zergling x4  
  47  4:50  Roach  
  47  4:51  Roach  
  51  4:54  Overlord  
  51  4:57  Spore Crawler  
  50  5:12  Drone, Overlord, Zergling x4  
  53  5:15  Extractor  
  53  5:16  Extractor  
  53  5:17  Overseer  
  53  5:18  Glial Reconstitution  
  53  5:19  Centrifical Hooks  
  51  5:34  Drone  
  51  5:35  Drone, Roach  
  55  5:49  Roach x2  
  63  5:50  Drone, Overlord x2, Roach x3  
  66  5:58  Overlord x2  
  66  6:04  Hydralisk Den  
  66  6:10  Drone x3  
  68  6:13  Drone  
  68  6:14  Drone  
  68  6:16  Drone  
  71  6:35  Muscular Augments  
  71  6:39  Spore Crawler  
  70  6:49  Drone x2  
  70  6:50  Drone x2  
  70  6:51  Drone, Roach  
  70  6:52  Roach x2  
  70  6:53  Roach  
  83  6:59  Evolution Chamber  
  83  7:00  Drone  
  83  7:01  Drone, Evolution Chamber  
  83  7:10  Baneling  
  83  7:11  Baneling x4  
  83  7:24  Drone  
  83  7:25  Drone  
  83  7:26  Drone  
  83  7:27  Drone  
  83  7:29  Overlord x2  
  87  7:47  Drone, Grooved Spines  
  87  7:48  Drone x3  
  91  7:53  Roach x2  
  91  7:54  Overlord x2, Roach x2  
  91  7:55  Drone  
  91  7:56  Zerg Missile Weapons Level 1  
  91  7:57  Zerg Melee Weapons Level 1  
  100  8:03  Roach  
  102  8:11  Infestation Pit  
  101  8:12  Extractor  
  101  8:16  Drone x2, Spine Crawler  
  101  8:17  Drone  
  102  8:36  Hatchery, Roach  
  102  8:40  Roach  
  102  8:41  Roach x7  
  119  8:50  Roach x5  
  129  8:55  Hive  
  129  9:01  Drone  
  129  9:02  Extractor  
  123  9:14  Zergling x2, Roach  
  123  9:15  Zergling x8  
  127  9:25  Zergling x4  
  127  9:27  Overlord  
  127  9:28  Overlord  
  129  9:42  Zergling x2  
  129  9:43  Drone  
  119  9:53  Drone x2, Roach  
  120  10:04  Hatchery  
  116  10:10  Zergling x4, Roach x2  
  116  10:11  Zergling x10, Roach x6  
Show
View Real Time Build Order
Export as new Build Order

Infamous Protoss 

Build Orders:  

Get SALT Encoding   

  12  0:01  Probe  
  13  0:19  Probe  
  13  0:23  Pylon  
  13  0:27  Probe  
  15  0:41  Gateway  
  15  0:42  Probe  
  16  0:54  Probe  
  17  0:57  Assimilator  
  17  1:21  Gateway  
  17  1:23  Probe  
  18  1:35  Probe  
  19  1:43  Cybernetics Core  
  19  1:44  Probe  
  19  1:45  Zealot  
  21  1:52  Probe  
  21  1:53  Pylon  
  22  1:55  Assimilator  
  23  2:14  Stalker  
  23  2:24  Stalker  
  23  2:28  Warp Gate  
  27  2:34  Probe  
  28  2:51  Pylon  
  28  3:00  Nexus  
  28  3:06  Adept  
  28  3:09  Probe  
  28  3:11  Sentry  
  33  3:21  Probe  
  34  3:29  Stargate  
  34  3:34  Probe  
  35  3:46  Probe  
  36  4:08  Probe, Robotics Facility  
  37  4:16  Probe  
  37  4:18  Probe  
  37  4:22  Phoenix  
  41  4:39  Twilight Council  
  41  4:48  Phoenix  
  43  4:53  Probe x2  
  43  4:58  Observer  
  45  5:20  Adept x2  
  49  5:27  Immortal, Pylon  
  53  5:39  Probe  
  54  5:45  Probe  
  54  5:47  Templar Archives  
  55  5:50  Probe  
  56  5:57  Probe, Assimilator  
  56  5:58  Probe  
  56  6:00  Assimilator  
  56  6:03  Zealot x2  
  62  6:13  Gateway  
  62  6:14  Gateway  
  62  6:16  Gateway  
  62  6:45  Probe x2  
  62  6:53  High Templar  
  62  7:21  Blink  
  62  7:55  Pylon  
  62  7:58  Pylon  
  62  8:00  Pylon  
  62  8:13  Probe x2  
  62  8:14  Nexus  
  62  8:16  Pylon  
  62  8:17  Psionic Storm, High Templar x3  
  62  8:18  Pylon, High Templar x2  
  74  8:21  Pylon  
  74  8:23  Pylon  
  74  8:25  Probe x2  
  76  8:33  Gateway  
  76  8:35  Gateway  
  76  8:37  Gateway  
  76  8:38  Immortal  
  76  8:39  Gateway  
  80  8:42  Forge  
  80  8:43  Forge  
  80  8:54  Sentry  
  80  8:55  Sentry  
  64  9:19  High Templar  
  64  9:20  High Templar  
  68  9:29  Immortal  
  65  9:48  Zealot  
  65  9:49  Zealot x2  
  33  10:14  Adept  
  33  10:15  Adept x2  
Tags
 
Add a new tag
Caveats
  • Supply blocks, unpowered buildings, or Contaminate may cause inaccurate times.
  • Supply counts are checked every 10 seconds.